 Dungeon Crawl Stone Soup version 0.19-a0-1013-g40768a3 (console) character file.

5094 brucemayne the Cleaver (level 10, 0/115 HPs)
             Began as a Vampire Berserker on July 24, 2016.
             Was a Priest of Trog.
             Slain by Urug
             ... wielding a +2 vampiric scimitar
              (4 damage)
             ... on level 12 of the Dungeon.
             The game lasted 00:15:27 (3642 turns).

brucemayne the Cleaver (Vampire Berserker)          Turns: 3642, Time: 00:15:28

Health: 0/115      AC: 15    Str: 24    XL:     10   Next: 32%
Magic:  10/10      EV:  8    Int:  9    God:    Trog [***...]
Gold:   344        SH:  0    Dex: 15    Spells: 0 memorised, 9 levels left

rFire  . . .     SeeInvis +     s - +0 war axe
rCold  . . .     Gourm    .     r - +0 plate armour
rNeg   + . .     Faith    .     (no shield)
rPois  .         Spirit   .     (no helmet)
rElec  .         Dismiss  .     n - +1 cloak
rCorr  .         Reflect  .     (no gloves)
SustAt .         Harm     .     (no boots)
MR     +....                    (no amulet)
Stlth  ..........               (no ring)
                                (no ring)

@: berserking, very quick, somewhat resistant to hostile enchantments, extremely
unstealthy
A: fangs 3, see invisible, unbreathing
a: Bat Form, Berserk, Trog's Hand, Burn Spellbooks, Renounce Religion


You were on level 12 of the Dungeon.
You worshipped Trog.
Trog was most pleased with you.
You were not thirsty.

You visited 1 branch of the dungeon, and saw 12 of its levels.

You collected 379 gold pieces.
You spent 35 gold pieces at shops.

Inventory:

Hand Weapons
 a - a +1 hand axe
 j - a +0 flail of protection
 p - a +0 blowgun
 s - a +0 war axe (weapon)
Missiles
 d - 17 poisoned needles
 g - 20 sling bullets
 y - 2 throwing nets (quivered)
Armour
 b - a +0 animal skin
 e - a +0 chain mail
 h - a +0 chain mail
 i - a +0 shield
 n - a +1 cloak (worn)
 r - a +0 plate armour (worn)
Jewellery
 u - an uncursed ring of wizardry
Scrolls
 f - a scroll of amnesia
 k - 2 scrolls of teleportation
 l - a scroll of fear
 t - 2 scrolls of remove curse
 z - a scroll of noise {unknown}
 A - a scroll of identify
Potions
 m - a potion of agility
 o - a potion of might
 v - a potion of ambrosia {unknown}
Miscellaneous
 q - a phial of floods


   Skills:
 + Level 6.8 Fighting
 - Level 11.0 Axes
 + Level 6.0 Armour
 - Level 2.1 Dodging


You had 9 spell levels left.
You didn't know any spells.

Dungeon Overview and Level Annotations

Branches:
Dungeon (12/15)              Lair (0/6) D:8
 Temple: D:4-7          Orc: D:9-12

Altars:
Cheibriados
Elyvilon
Fedhas
Makhleb
Xom

Shops:
D:11 *

Annotations:
D:12 Urug


Innate Abilities, Weirdness & Mutations

You have razor-sharp teeth.
You have supernaturally acute eyesight. (SInv)
You can survive without breathing.


Message History

You open the door.
There is a stone staircase leading down here.
You climb downwards.
A hound and Urug come into view.
Urug is wielding a vampiric scimitar.
Urug shouts!
The hound barks!
The hound pauses to sniff the ground.
Urug hits you with a vampiric scimitar!
* * * LOW HITPOINT WARNING * * *
Found 19 gold pieces.
There is a stone staircase leading up, spattered with blood here.
Yummy - fresh blood!
Urug barely misses you.
A red film seems to cover your vision as you go berserk!
You feel yourself moving faster!
You feel mighty!
You feel somewhat more thirsty.
Urug hits you with a vampiric scimitar!!
* * * LOW HITPOINT WARNING * * *
You closely miss Urug. You slash the hound! The hound barely misses you.
You barely miss Urug. You miss the hound. The hound closely misses you.
Urug hits you with a vampiric scimitar.
You die...

##########
#.o.......
#.@h......
.
#.......$.
.
+.........
..
#.........
F.
#.........
#.#
#####+####
#..## #).#
#<#


You could see Urug and a hound.

Vanquished Creatures
  A hill giant (D:11)
  A manticore (D:11)
  A gargoyle (D:10)
  A two-headed ogre (D:8)
  A wraith (D:11)
  2 yaks (D:8)
  Sigmund (D:3)
  A human (D:8)
  A hungry ghost (D:8)
  A hippogriff (D:11)
  An orc warrior (D:8)
  3 ice beasts
  A wasp (D:11)
  A phantom (D:8)
  2 sky beasts
  An eye of draining (D:11)
  2 ogres (D:11)
  3 centaurs
  3 crocodiles (D:8)
  3 giant frogs
  2 wyvern zombies
  A gnoll sergeant (D:6)
  2 scorpions
  A howler monkey (D:5)
  3 crimson imps
  A jelly (D:5)
  A giant frog zombie (D:11)
  3 hounds
  2 orc wizards
  An orc priest (D:7)
  A giant frog skeleton (D:5)
  2 iguanas
  3 worker ants
  3 sheep (D:8)
  A hound zombie (D:8)
  6 gnolls
  A worker ant zombie (D:11)
  7 adders
  A river rat (D:8)
  An adder skeleton (D:5)
  2 giant geckos
  7 orcs
  A giant cockroach (D:1)
  6 goblins
  A hobgoblin (D:1)
  5 jackals
  2 kobolds (D:1)
  4 quokkas
  A ball python (D:3)
  11 bats (D:8)
  2 giant gecko skeletons
  A giant newt (D:4)
  A quokka skeleton (D:4)
  2 quokka zombies
  8 rats
  2 fungi (D:8)
130 creatures vanquished.

Vanquished Creatures (others)
  A fungus (D:8)
1 creature vanquished.

Grand Total: 131 creatures vanquished

Notes
Turn   | Place    | Note
-------+----------+-------------------------------------------
     0 | D:1      | brucemayne the Vampire Berserker began the quest for the Orb.
     0 | D:1      | Reached XP level 1. HP: 17/17 MP: 1/1
   139 | D:1      | Reached skill level 3 in Axes
   236 | D:3      | Reached XP level 2. HP: 16/23 MP: 2/2
   241 | D:3      | Noticed Sigmund
   261 | D:3      | Killed Sigmund
   261 | D:3      | Reached skill level 5 in Axes
   261 | D:3      | Reached XP level 3. HP: 16/28 MP: 3/3
   261 | D:3      | Reached XP level 4. HP: 19/34 MP: 4/4
   261 | D:3      | Reached XP level 5. HP: 22/39 MP: 5/5
   707 | D:4      | Found a snail-covered altar of Cheibriados.
   752 | D:4      | Reached skill level 6 in Axes
   790 | D:5      | Entered Level 5 of the Dungeon
   812 | D:5      | Noticed a sky beast
   822 | D:5      | Killed a sky beast
   822 | D:5      | Reached XP level 6. HP: 46/46 MP: 6/6
   839 | D:5      | Reached ** piety under Trog
   889 | D:5      | Found a blossoming altar of Fedhas.
   931 | D:5      | Reached skill level 7 in Axes
   987 | D:5      | Reached XP level 7. HP: 51/51 MP: 7/7
  1105 | D:6      | Reached skill level 8 in Axes
  1326 | D:7      | Reached skill level 9 in Axes
  1326 | D:7      | Reached XP level 8. HP: 24/57 MP: 8/8
  1563 | D:7      | Found a shimmering altar of Xom.
  1563 | D:7      | Found a burning altar of Makhleb.
  1736 | D:8      | Reached skill level 10 in Axes
  2026 | D:8      | HP: 4/85 [wyvern zombie (11)]
  2028 | D:8      | Reached skill level 11 in Axes
  2112 | D:8      | Reached XP level 9. HP: 60/62 MP: 9/9
  2277 | D:8      | Found a staircase to the Lair.
  2349 | D:8      | Reached *** piety under Trog
  2392 | D:8      | Found a white marble altar of Elyvilon.
  2475 | D:10     | Entered Level 10 of the Dungeon
  2477 | D:10     | Noticed a gargoyle
  2486 | D:10     | Killed a gargoyle
  2486 | D:10     | Reached skill level 5 in Fighting
  2753 | D:11     | Noticed a manticore
  2858 | D:11     | Found Bagup's Assorted Antiques.
  2866 | D:11     | Bought a scroll labeled EHUNUW JEVEOZY for 35 gold pieces
  2887 | D:11     | Reached skill level 5 in Armour
  3036 | D:11     | Noticed a hill giant
  3051 | D:11     | Killed a hill giant
  3051 | D:11     | Reached XP level 10. HP: 58/76 MP: 10/10
  3365 | D:11     | Killed a manticore
  3549 | D:11     | Paralysed by a wasp for 1 turns
  3638 | D:12     | Noticed Urug
  3640 | D:12     | HP: 3/115 [Urug/vampiric scimitar (25)]
  3642 | D:12     | Slain by Urug

Vault maps used:
D:1:      arrival_zaba_pyramid, hangedman_decor_clover_reticule, minivault_23
D:3:      minmay_overflow_temple_hex, first_bread, kennysheep_generic_room_6,
          uniq_robin, uniq_sigmund
D:4:      serial_shops, shop, kennysheep_slug_shrine
D:5:      gup_sewer_entry_bowl, serial_bayou_pond_e, fedhas_altar_3
D:6:      grunt_temple_overflow_bloody_war
D:7:      grunt_temple_overflow_champion_of_chaos
D:8:      grunt_lair_entry_orc_guard_hut, grunt_livestock, lemuel_statue_altar,
          uniq_grum
D:9:      lemuel_doored_altar, serial_shops, shop_coins, minivault_26
D:10:     boulder_corridor_run, nicolae_trove_entry_crystal,
          serial_corexii_hall, corexii_hall_statues_i, corexii_hall_statues_t,
          hangedman_misty_isle
D:11:     enter_bailey_3, serial_shops, nicolae_shop_overgrown_old_shop,
          serial_bayou_pond_a
D:12:     orc_david_3, dk_noncrumbling_2, uniq_urug, uniq_harold

Skill      XL: |  1  2  3  4  5  6  7  8  9 10 |
---------------+-------------------------------+-----
Axes           | 3 5 6 7 9 11 | 11.0
Fighting       | 6 |  6.8
Armour         | 5 6 |  6.0
Dodging        | |  2.1

Action                   |  1- 3 |  4- 6 |  7- 9 | 10-12 || total
-------------------------+-------+-------+-------+-------++-------
Melee: Hand axe          |    27 |   147 |   461 |    78 ||   713
       Bite              |     1 |    13 |    67 |    17 ||    98
       War axe           |       |       |       |     2 ||     2
       Unarmed           |       |       |       |     1 ||     1
Invok: Berserk           |     1 |     4 |    15 |     4 ||    24
       Trog's Hand       |       |     1 |    10 |       ||    11
 Abil: End Transformatio |       |       |     3 |     1 ||     4
       Bat Form          |       |       |     3 |     1 ||     4
  Use: Potion            |     1 |     5 |    27 |     5 ||    38
       Scroll            |       |       |     6 |     5 ||    11
 Stab: Invisible         |       |       |     1 |       ||     1
Armor: Chain mail        |     5 |    84 |   166 |       ||   255
       Animal skin       |     3 |       |       |       ||     3
       Plate armour      |       |       |    45 |    40 ||    85
Dodge: Dodged            |    14 |    47 |   178 |    33 ||   272
